 Dungeon Crawl Stone Soup version 0.24-a0-170-gd8427f5 (webtiles) character file.

Game seed: 1128698297332732580

1474 Borgoz the Cudgeler (level 8, 0/49 HPs)
             Began as a Gargoyle Gladiator on Mar 8, 2019.
             Was a Follower of Ashenzari.
             Killed from afar by an oklob plant (6 damage)
             ... with a splash of acid
             ... on level 6 of the Dungeon.
             The game lasted 00:08:05 (5617 turns).

Borgoz the Cudgeler (Gargoyle Gladiator)            Turns: 5617, Time: 00:08:06

Health: 0/49       AC:  9    Str: 18    XL:     8   Next: 78%
Magic:  8/8        EV: 14    Int: 15    God:    Ashenzari [*.....]
Gold:   263        SH:  0    Dex: 14    Spells: 7/7 levels left

rFire    . . .     SeeInvis .   u - +6 whip (elec)
rCold    . . .     Gourm    .   (no shield)
rNeg     + . .     Faith    .   E - +3 leather armour of the Griffon {rElec rPois Int+4 Slay+2}
rPois    ∞         Spirit   .   c - +0 helmet
rElec    +         Reflect  .   (no cloak)
rCorr    .         Harm     .   (no gloves)
MR       +....                  (no boots)
Stlth    +++.......             (no amulet)
HPRegen  0.16/turn              v - +3 ring of dexterity
MPRegen  0.11/turn              j - ring of protection from magic

@: corroded
A: negative energy resistance 1, electricity resistance, unbreathing,
petrification resistance, rot immunity, AC +5
a: Curse Item, Scrying, Renounce Religion


You were on level 6 of the Dungeon.
You worshipped Ashenzari.
Ashenzari was aware of your devotion.
You were not hungry.

You visited 2 branches of the dungeon, and saw 7 of its levels.

You collected 263 gold pieces.

Inventory:

Hand Weapons
 r - a +2 dagger of protection
 u - a +6 whip of electrocution (weapon)
Missiles
 b - 4 javelins
 d - 3 throwing nets (quivered)
Armour
 c - a +0 helmet (worn)
 E - the +3 leather armour of the Griffon (worn) {rElec rPois Int+4 Slay+2}
   (You found it on level 5 of the Dungeon)

   It affects your intelligence (+4).
   It affects your accuracy and damage with ranged weapons and melee attacks
   (+2).
   It insulates you from electricity.
   It protects you from poison.
Jewellery
 g - an uncursed ring of resist corrosion
 j - a ring of protection from magic (right hand)
 v - a +3 ring of dexterity (left hand)
 y - a +3 ring of dexterity
Wands
 n - a wand of disintegration (11)
 x - a wand of iceblast (12)
 C - a wand of digging (7)
Scrolls
 a - 5 scrolls of teleportation {unknown}
 e - 2 scrolls of fear {unknown}
 k - 3 scrolls of enchant armour {unknown}
 p - 6 scrolls of remove curse
 t - a scroll of magic mapping {unknown}
 A - a scroll of random uselessness {unknown}
 B - a scroll of fog {unknown}
 G - a scroll of blinking {unknown}
Potions
 h - 2 potions of haste
 i - a potion of flight
 l - 2 potions of invisibility {unknown}
 o - 2 potions of might {unknown}
 q - 3 potions of brilliance {unknown}
 s - 2 potions of mutation {unknown}
 w - 5 potions of curing
 z - a potion of heal wounds {unknown}
 D - a potion of agility
Comestibles
 f - 9 rations
 m - 2 chunks of flesh


   Skills:
 + Level 5.0 Fighting
 * Level 7.0 Maces & Flails
 - Level 2.0 Throwing
 + Level 4.4 Armour
 + Level 4.3 Dodging
 + Level 4.5 Stealth


You had 7 spell levels left.
You didn't know any spells.
Your spell library was empty.

Dungeon Overview and Level Annotations

Branches:
Dungeon (6/15)             Temple (1/1) D:5

Altars:
Ashenzari
Cheibriados
Elyvilon
Fedhas
Gozag
Hepliaklqana
Kikubaaqudgha
Makhleb
Nemelex Xobeh
Qazlal
Ru
Sif Muna
Uskayaw
Vehumet
Wu Jian
Xom
Yredelemnul
The Shining One

Shops:
D:6 =

Annotations:
D:6 exclusion: oklob plant


Innate Abilities, Weirdness & Mutations

You are resistant to torment.
Your stone body is resilient. (AC +5)
You are immune to poison.
You resist negative energy. (rN+)
You are resistant to electric shocks. (rElec)
You can survive without breathing.
You are immune to petrification.
You are immune to rotting.


Message History

Lightning courses through the oklob plant!
The oklob plant is heavily damaged.
You hit the oklob plant but do no damage.
The oklob plant is heavily damaged.
You whack the oklob plant!
The oklob plant is heavily damaged.
The oklob plant spits acid at you. The splash of acid hits you!
The acid corrodes you!
You are splashed with acid!
* * * LOW HITPOINT WARNING * * *
You hit the oklob plant.
The oklob plant is severely damaged.
You hit the oklob plant but do no damage.
The oklob plant is severely damaged.
You whack the oklob plant!
The oklob plant is severely damaged.
You hit the oklob plant but do no damage.
The oklob plant is severely damaged.
The oklob plant spits acid at you. The splash of acid hits you.
You die...
P.≈≈≈≈._.≈≈≈≈.P#PP# .≈≈≈≈...≈≈≈≈.PP#.# ≈≈≈≈.≈≈≈≈≈.#P#P# ≈≈≈.≈≈≈≈..PPP.# ≈≈.≈≈≈...#PPP# ≈.≈≈..PP.PPP# .....#PPP.PP# PP#.#PPPP..P# PP...P%%.@.## PPP#PPP.%PP# P.PP#PP#P#PP#

####################
..................#
...#######........#
...#.....#........#
...#.#.#.#........#
...#.._..##########


You could see an oklob plant.

Vanquished Creatures
  An orc warrior (D:6)
  A sky beast (D:5)
  An ice beast (D:6)
  3 centaurs
  3 ogres
  A bullfrog (D:6)
  2 scorpions
  A crimson imp (D:5)
  A jelly (D:6)
  2 hounds (D:6)
  A bullfrog skeleton (D:4)
  A centaur skeleton (D:6)
  An orc wizard (D:6)
  3 worker ants
  A worker ant zombie (D:5)
  10 adders
  4 gnolls (D:2)
  A shadow imp (D:5)
  2 oozes
  An adder zombie (D:5)
  2 adder skeletons (D:5)
  A worm (D:3)
  4 dart slugs
  5 leopard geckos
  6 orcs
  2 ball pythons
  9 bats
  5 giant cockroaches
  8 hobgoblins
  8 jackals
  2 quokkas
  5 frilled lizards
  9 goblins (D:2)
  7 kobolds
  11 rats
  2 plants (D:6)
127 creatures vanquished.

Notes
Turn   | Place    | Note
-------+----------+-------------------------------------------
     0 | D:1      | Borgoz the Gargoyle Gladiator began the quest for the Orb.
     0 | D:1      | Reached XP level 1. HP: 12/12 MP: 1/1
   142 | D:1      | Reached XP level 2. HP: 11/17 MP: 2/2
   750 | D:2      | Reached XP level 3. HP: 11/22 MP: 3/3
  1297 | D:3      | Reached XP level 4. HP: 5/27 MP: 4/4
  1568 | D:3      | Reached skill level 1 in Armour
  1614 | D:3      | Reached skill level 4 in Maces & Flails
  1789 | D:2      | Found a glowing golden altar of the Shining One.
  2054 | D:2      | Reached XP level 5. HP: 31/31 MP: 5/5
  2061 | D:2      | Reached skill level 1 in Stealth
  2680 | D:3      | Found an ornate altar of the Wu Jian Council.
  2717 | D:3      | Found a white marble altar of Elyvilon.
  2890 | D:3      | Found a glowing golden altar of the Shining One.
  3115 | D:4      | Found a shattered altar of Ashenzari.
  3119 | D:4      | Became a worshipper of Ashenzari the Shackled
  3121 | D:4      | Noticed a +0 hand axe
  3122 | D:4      | Noticed a +0 hand axe
  3123 | D:4      | Found a hide-covered altar of Uskayaw.
  3188 | D:4      | Reached XP level 6. HP: 30/37 MP: 6/6
  3322 | D:4      | Found a hazy altar of Hepliaklqana.
  3329 | D:4      | Reached skill level 5 in Maces & Flails
  3573 | D:4      | Reached XP level 7. HP: 23/41 MP: 7/7
  3627 | D:5      | Entered Level 5 of the Dungeon
  3986 | D:5      | Reached * piety under Ashenzari
  4097 | D:5      | Got the uncursed leather armour of the Griffon {rElec rPois
                  | Int+4 Slay+2}
  4109 | D:5      | Identified the +3 leather armour of the Griffon {rElec
                  | rPois Int+4 Slay+2} (You found it on level 5 of the
                  | Dungeon)
  4161 | D:5      | Found a staircase to the Ecumenical Temple.
  4182 | Temple   | Entered the Ecumenical Temple
  4478 | D:5      | Reached skill level 6 in Maces & Flails
  4562 | D:5      | Reached XP level 8. HP: 41/48 MP: 8/8
  4869 | D:6      | Found Poawemn's Jewellery Shoppe.
  5063 | D:6      | Reached skill level 5 in Fighting
  5063 | D:6      | Reached skill level 7 in Maces & Flails
  5366 | D:6      | Found a deep blue altar of Sif Muna.
  5576 | D:6      | Found a blossoming altar of Fedhas.
  5586 | D:6      | Noticed an oklob plant
  5617 | D:6      | Killed from afar by an oklob plant

Levels and vault maps discovered:
D:1:      minmay_arrival_up_and_down, layout_loops_ring
D:2:      layout_loops_corners, nicolae_overflow_crystal_walls,
          minmay_box_of_dots
D:3:      layout_rooms, nicolae_overflow_hidden_temple, lemuel_crystal_altar,
          nicolae_tso_swordbearing_angel
D:4:      layout_cave_pools, dancing_weapons_uskayaw,
          lemuel_coloured_pillars_altar, ashenzari_altar_1, first_ration
D:5:      layout_loops_cross, minmay_temple_entry_poolview
D:6:      layout_basic, kennysheep_little_box, tgw_fedhas, serial_shops, shop
Temple:   jpeg_temple_alley_garden

Skill      XL: |  1  2  3  4  5  6  7  8 |
---------------+-------------------------+-----
Throwing       | 2 |  2.0
Armour         | 2 3 4 |  4.4
Maces & Flails | 4 5 6 7 |  7.0
Stealth        | 1 2 3 4 |  4.5
Dodging        | 3 4 |  4.3
Fighting       | 3 4 5 |  5.0

Action                   |  1- 3 |  4- 6 |  7- 9 || total
-------------------------+-------+-------+-------++-------
Melee: Flail             |   117 |    96 |       ||   213
       Whip              |       |   104 |   164 ||   268
  Use: Potion            |     1 |       |       ||     1
       Scroll            |       |       |     8 ||     8
 Stab: Sleeping          |       |     1 |     2 ||     3
       Distracted        |       |     1 |     1 ||     2
  Eat: Chunk             |     1 |     7 |     7 ||    15
Armor: Leather armour    |    67 |    71 |    50 ||   188
Dodge: Dodged            |    94 |   131 |    79 ||   304

Table legend:
 A = Non-vault XP
 B = Vault XP
 C = Vault XP percentage of total XP
 D = Non-vault monster count
 E = Vault monster count
 F = Vault count percentage of total count
                 A         B        C        D         E       F
            +---------+---------+-------+---------+---------+-------
      Total |    2076 |      30 |   1.4 |     121 |       4 |   3.2
            +---------+---------+-------+---------+---------+-------
        D:1 |      29 |       0 |   0.0 |      15 |       0 |   0.0
        D:2 |     139 |      17 |  10.9 |      35 |       3 |   7.9
        D:3 |      75 |      13 |  14.8 |      28 |       1 |   3.4
        D:4 |     416 |       0 |   0.0 |       9 |       0 |   0.0
        D:5 |     580 |       0 |   0.0 |      17 |       0 |   0.0
        D:6 |     837 |       0 |   0.0 |      17 |       0 |   0.0
            +---------+---------+-------+---------+---------+-------
